 Dungeon Crawl Stone Soup version 0.22-a0-389-g8519d86 (webtiles) character file.

91 Kairos the Covered (level 4, -1/24 HPs)
             Began as a Vine Stalker Fighter on Apr 30, 2018.
             Slain by an orc warrior
             ... wielding a +0 hand axe
              (3 damage)
             ... on level 3 of the Dungeon.
             The game lasted 00:02:09 (1540 turns).

Kairos the Covered (Vine Stalker Fighter)           Turns: 1540, Time: 00:02:10

Health: -1/24      AC: 20    Str: 24    XL:     4   Next: 59%
Magic:  0/5        EV:  5    Int:  8    God:
Gold:   90         SH: 10    Dex: 14    Spells: 3/3 levels left

rFire    + . .     SeeInvis .   j - +0 mace (protect)
rCold    x . .     Gourm    .   c - +0 shield
rNeg     . . .     Faith    .   g - +2 plate armour {MR+}
rPois    .         Spirit   +   (no helmet)
rElec    .         Reflect  .   (no cloak)
rCorr    .         Harm     .   (no gloves)
MR       +....                  (no boots)
Stlth    ..........             (no amulet)
HPRegen  0.48/turn              l - ring of fire
MPRegen  0.09/turn              q - +1 ring of evasion

@: mighty, protection aura
A: fangs 2, regeneration 1, magic shield, antimagic bite, no potion heal 3, rot
immunity
a: no special abilities


You were on level 3 of the Dungeon.
You were full.

You visited 1 branch of the dungeon, and saw 3 of its levels.

You collected 90 gold pieces.

Inventory:

Hand Weapons
 a - a +0 war axe
 j - a +0 mace of protection (weapon)
Armour
 b - a +0 scale mail
 c - a +0 shield (worn)
 g - a +2 plate armour of magic resistance (worn)
Jewellery
 l - a ring of fire (left hand)
 q - a +1 ring of evasion (right hand)
Scrolls
 i - a scroll of enchant weapon {unknown}
 k - a scroll of fog {unknown}
 o - 2 scrolls of identify {unknown}
 p - a scroll of noise {unknown}
 r - a scroll of immolation {unknown}
 t - a scroll of fear {unknown}
 u - a scroll of amnesia {unknown}
 v - a scroll of remove curse {unknown}
Potions
 e - a potion of resistance {unknown}
 h - a potion of lignification {unknown}
 m - 2 potions of mutation {unknown}
 n - a potion of ambrosia {unknown}
 s - a potion of haste {unknown}
Comestibles
 f - 3 rations


   Skills:
 + Level 3.0 Fighting
 + Level 2.2(2.4) Axes
 + Level 1.4(2.1) Maces & Flails
 + Level 3.1 Armour
 + Level 0.1 Dodging
 + Level 3.1 Shields


You had 3 spell levels left.
You didn't know any spells.

Dungeon Overview and Level Annotations

Branches:
Dungeon (3/15)

Altars:
Yredelemnul


Innate Abilities, Weirdness & Mutations

You have extremely sharp teeth.
Your natural rate of healing is unusually fast.
When hurt, damage is shared between your health and your magic reserves.
Your bite disrupts and absorbs the magic of your enemies.
Potions cannot restore your health.
You are immune to rotting.


Message History

You feel very mighty all of a sudden. The orc warrior completely misses you.
You hit the orc warrior but do no damage.
You bite the orc warrior, but do no damage.
The orc warrior is lightly wounded.
The orc warrior hits you but does no damage.
You thump the orc warrior! You bite the orc warrior! You drain its power.
You feel invigorated.
The orc warrior is severely wounded.
The orc warrior hits you but does no damage.
The orc priest casts a cantrip, but nothing happens.
You hit the orc warrior but do no damage.
Your bite misses the orc warrior.
The orc warrior is severely wounded.
The orc warrior closely misses you.
The orc priest mumbles some strange prayers to Beogh against you.
Beogh smites you!
* * * LOW HITPOINT WARNING * * *
The orc warrior hits you with a hand axe.
You die...

....##.#####....###
[...................
........####......#
#..###### #..#.#.#
... ##..# # #.#.#
##.## # #.####.#
#oo@...# #o########
##.##......
#.o......#
#.#oo....#
#........#
#####...## ####


You could see an orc warrior and 2 orc priests.

Vanquished Creatures
  2 adders (D:2)
  An ooze (D:2)
  2 leopard geckos (D:2)
  4 orcs (D:3)
  A ball python (D:2)
  12 bats
  2 gnoll zombies (D:2)
  6 goblins
  6 hobgoblins
  5 jackals (D:1)
  8 kobolds
  A quokka (D:2)
  5 frilled lizards (D:1)
  3 rats
58 creatures vanquished.

Notes
Turn   | Place    | Note
-------+----------+-------------------------------------------
     0 | D:1      | Kairos the Vine Stalker Fighter began the quest for the Orb.
     0 | D:1      | Reached XP level 1. HP: 11/11 MP: 2/2
    31 | D:1      | Reached XP level 2. HP: 13/16 MP: 3/3
   245 | D:1      | Reached XP level 3. HP: 20/20 MP: 4/4
   706 | D:2      | Found a basalt altar of Yredelemnul.
   994 | D:2      | Gained mutation: Your natural rate of healing is unusually fast. [Vine Stalker growth]
   994 | D:2      | Reached XP level 4. HP: 24/24 MP: 5/5
  1039 | D:2      | Reached skill level 1 in Maces & Flails
  1519 | D:3      | Noticed an orc warrior
  1540 | D:3      | Slain by an orc warrior

Vault maps used:
D:1:      lemuel_arrival_river_ford
D:2:      cheibrodos_old_hovel, lemuel_zombie_altar_yredelemnul
D:3:      grunt_gozag_breadcrumbs

Skill      XL: |  1  2  3  4 |
---------------+-------------+-----
Fighting       | 3 |  3.0
Armour         | 3 |  3.1
Axes           | 2 |  2.2
Shields        | 3 |  3.1
Maces & Flails | 1 |  1.4
Dodging        | |  0.1

Action                   |  1- 3 |  4- 6 || total
-------------------------+-------+-------++-------
Melee: War axe           |    49 |       ||    49
       Bite              |    37 |    17 ||    54
       Mace              |    79 |    34 ||   113
  Use: Potion            |       |     1 ||     1
  Eat: Ration            |       |     2 ||     2
Armor: Scale mail        |    10 |       ||    10
       Plate armour      |    90 |    20 ||   110
Dodge: Dodged            |    27 |     9 ||    36
Block: Shield            |    74 |    11 ||    85

Table legend:
 A = Spawn XP
 B = Non-spawn XP
 C = Spawn XP percentage of total XP
 D = Spawn monster count
 E = Non-spawn monster count
 F = Spawn count percentage of total count
 G = Total turns spent on level
                    A         B        C        D         E        F      G
               +---------+---------+-------+---------+---------+-------+---------
         Total |       0 |     131 |   0.0 |       0 |      58 |   0.0 |  1540
               +---------+---------+-------+---------+---------+-------+---------
           D:1 |       0 |      49 |   0.0 |       0 |      31 |   0.0 |   585
           D:2 |       0 |      70 |   0.0 |       0 |      23 |   0.0 |   878
           D:3 |       0 |      12 |   0.0 |       0 |       4 |   0.0 |    77
               +---------+---------+-------+---------+---------+-------+---------
